 Dungeon Crawl Stone Soup version 0.27-a0-1416-g941b2bd30b (webtiles) character file.

Game seed: 17077671915029598674

145 Wyvernaa the Cudgeller (level 5, -4/39 HPs)
             Began as a Demonspawn Gladiator on July 1, 2021.
             Succumbed to a scorpion's poison
             ... on level 4 of the Dungeon on July 2, 2021.
             The game lasted 00:09:07 (4669 turns).

Wyvernaa the Cudgeller (Demonspawn Gladiator)       Turns: 4669, Time: 00:09:07

Health: -4/39      AC:  8    Str: 15    XL:     5   Next: 6%
Magic:  5/5        EV: 11    Int:  9    God:
Gold:   256        SH:  0    Dex: 15    Spells: 4/4 levels left

rFire    . . .     SeeInvis .   a - +1 flail
rCold    . . .     Faith    .   (no shield)
rNeg     . . .     Spirit   .   h - +0 ring mail
rPois    .         Reflect  .   c - +0 helmet
rElec    .         Harm     .   (no cloak)
rCorr    +         Rampage  .   (no gloves)
Will     .....                  (no boots)
Stlth    +.........             (no amulet)
HPRegen  0.13/turn              k - ring of resist corrosion
MPRegen  0.09/turn              (no ring)

@: lethally poisoned (-4 -> -23)
A: icy blue scales 1, foul stench 1, powered by death 1
a: no special abilities


You were on level 4 of the Dungeon.
You visited 1 branch of the dungeon, and saw 4 of its levels.

You collected 256 gold pieces.

Inventory:

Hand Weapons
 a - a +1 flail (weapon)
Missiles
 d - 3 throwing nets (quivered)
Armour
 b - a +0 leather armour
 c - a +0 helmet (worn)
 h - a +0 ring mail (worn)
Jewellery
 k - a ring of resist corrosion (left hand)
 l - a ring of fire
Scrolls
 n - a scroll of magic mapping
Potions
 g - a potion of flight


   Skills:
 + Level 2.3 Fighting
 + Level 4.3 Maces & Flails
 + Level 1.8 Throwing
 + Level 1.6 Armour
 + Level 3.1 Dodging
 + Level 0.2 Stealth


You had 4 spell levels left.
You didn't know any spells.
Your spell library contained the following spells:

 Spells                   Type           Power      Damage    Failure   Level
 Static Discharge         Conj/Air       0%         N/A       75%         2
 Lightning Bolt           Conj/Air       0%         1d11      100%        5
 Chain Lightning          Conj/Air       0%         N/A       100%        9


Dungeon Overview and Level Annotations

Branches:
Dungeon (4/15)
 Temple: D:4-7

Altars:
Dithmenos
Ru

Shops:
D:3 [

Annotations:
D:4 Menkaure


Innate Abilities, Weirdness & Mutations

You are partially covered in icy blue scales. (AC +2)
You may rarely emit foul miasma when damaged in melee.
You regenerate a little health from kills.


Message History

You see here a +0 dagger.
A scorpion comes into view.
The scorpion stings you.
You are poisoned.
The scorpion poisons you!
You closely miss the scorpion.
You feel very sick. The scorpion completely misses you.
You hit the scorpion.
The scorpion is lightly wounded.
You feel very sick.
The scorpion stings you but does no damage.
The scorpion closely misses you.
You sock the scorpion!
The scorpion is almost dead.
You feel sick. The scorpion stings you.
You are more poisoned.
The scorpion poisons you!
You closely miss the scorpion.
The scorpion is almost dead.
You feel very sick. The scorpion closely misses you. The scorpion stings you.
You hit the scorpion but do no damage.
The scorpion is almost dead.
You feel very sick. The scorpion stings you.
Okay, then.
Okay, then.
You hit the scorpion but do no damage.
The scorpion is almost dead.
You feel sick. The scorpion stings you!
* * * LOW HITPOINT WARNING * * *
You are more poisoned.
The scorpion poisons you! The scorpion stings you.
* * * LOW HITPOINT WARNING * * *
Okay, then.
Okay, then.
You hit the scorpion.
You kill the scorpion!
You die...

#. #. ######
#.####..@.#
#....#.##.#
#....#.# .#
#### #......#
.# ...#
#....### .#
##.######....#
.#
#.##.......##
.#
#.##.###.###
.. #.##.....#


There were no monsters in sight!

Vanquished Creatures
  A scorpion (D:4)
  2 orc priests
  An adder (D:2)
  A worm (D:2)
  3 dart slugs
  4 orcs
  4 ball pythons
  4 endoplasms
  4 giant cockroaches
  7 goblins
  3 hobgoblins (D:1)
  5 jackals
  6 kobolds
  4 quokkas
  2 bats
  4 frilled lizards
  8 rats
63 creatures vanquished.

Vanquished Creatures (others)
  2 fungi (D:3)
2 creatures vanquished.

Grand Total: 65 creatures vanquished

Notes
Turn   | Place    | Note
-------+----------+-------------------------------------------
     0 | D:1      | Wyvernaa the Demonspawn Gladiator began the quest for the
                  | Orb.
     0 | D:1      | Reached XP level 1. HP: 16/16 MP: 1/1
   201 | D:1      | Reached skill level 3 in Maces & Flails
   261 | D:1      | Gained mutation: You are partially covered in icy blue
                  | scales. (AC +2) [demonic ancestry]
   261 | D:1      | Reached XP level 2. HP: 22/22 MP: 2/2
   704 | D:1      | Gained mutation: You may rarely emit foul miasma when
                  | damaged in melee. [demonic ancestry]
   704 | D:1      | Reached XP level 3. HP: 27/27 MP: 3/3
  1214 | D:2      | Found a faded altar of an unknown god.
  2196 | D:3      | Reached XP level 4. HP: 31/33 MP: 4/4
  2235 | D:3      | Found Odor's Antique Armour Emporium.
  2289 | D:3      | Found a shadowy altar of Dithmenos.
  2593 | D:3      | Reached skill level 4 in Maces & Flails
  2652 | D:3      | Reached skill level 1 in Armour
  2961 | D:3      | Found a sacrificial altar of Ru.
  3408 | D:4      | Noticed Menkaure
  3842 | D:4      | Noticed a scorpion
  3853 | D:3      | Gained mutation: You regenerate a little health from kills.
                  | [demonic ancestry]
  3853 | D:3      | Reached XP level 5. HP: 12/39 MP: 5/5
  4668 | D:4      | HP: 1/39 [scorpion (3)]
  4669 | D:4      | Succumbed to a scorpion's poison

Illustrated notes

Levels and vault maps discovered:
D:1:      amcnicky_arrival_feature_with_door, layout_basic
D:2:      layout_rooms, hellmonk_ecumenical_altar_run_dry,
          chequers_serial_rivers_large_a, minmay_tetromino_i2
D:3:      layout_loops_ring, amcnicky_altar_gilded,
          nicolae_ru_the_path_less_chosen, serial_shops, shop
D:4:      layout_basic, uniq_menkaure

Skill      XL: |  1  2  3  4 |
---------------+-------------+-----
Maces & Flails | 3 4 |  4.3
Dodging        | 3 |  3.1
Armour         | 1 |  1.6
Fighting       | |  2.3
Throwing       | |  1.8
Stealth        | |  0.2

Action                   |  1- 3 |  4- 6 || total
-------------------------+-------+-------++-------
Melee: Flail             |   143 |    82 ||   225
  Use: Scroll            |     2 |     4 ||     6
       Potion            |       |     4 ||     4
Armor: Leather armour    |    36 |       ||    36
       Ring mail         |    17 |    38 ||    55
Dodge: Dodged            |    96 |    54 ||   150

Table legend: (Time is in decaauts)
 A = Elapsed time spent in this place.
 B = Non-inter-level travel time spent in this place.
 C = Inter-level travel time spent in this place.
 D = Time resting spent in this place.
 E = Time spent auto-exploring this place.
 F = Levels seen in this place.
 G = Mean time per level.
                   A        B        C        D        E       F      G
               +--------+--------+--------+--------+--------+-----+--------+
         Total |   4739 |   4556 |    183 |    888 |   2825 |   4 | 1184.8 |
       Dungeon |   4739 |   4556 |    183 |    888 |   2825 |   4 | 1184.8 |
               +--------+--------+--------+--------+--------+-----+--------+

Top non-repeatable levels by time:
     D:3: 2470 daAuts
     D:1: 1128 daAuts
     D:2: 923 daAuts
     D:4: 217 daAuts
